 Dungeon Crawl Stone Soup version 0.28-a0-863-g8cecda6153 (webtiles) character file.

Game seed: 13706764885741712736

8192 bande the Protected (level 11, -2/67 HPs)
             Began as a Gargoyle Fighter on Nov 18, 2021.
             Was a High Priest of Okawaru.
             Slain by Snorg (6 damage)
             ... on level 10 of the Dungeon.
             The game lasted 00:23:11 (12110 turns).

bande the Protected (Gargoyle Fighter)             Turns: 12110, Time: 00:23:13

Health: -2/67      AC: 45    Str: 21    XL:     11   Next: 27%
Magic:  24/24      EV:  7    Int:  9    God:    Okawaru [*****.]
Gold:   438        SH:  5    Dex: 11    Spells: 10/10 levels left

rFire   . . .      SeeInvis .   a - +1 war axe (protect)
rCold   . . .      Faith    +   c - +0 buckler
rNeg    + + .      Spirit   .   y - +0 plate armour
rPois   ∞          Reflect  .   j - +2 helmet
rElec   +          Harm     .   o - +2 cloak
rCorr   .          Rampage  .   w - +0 pair of gloves
Will    .....                   r - +2 pair of boots of Elyvilon's Fury {rN+}
Stlth   ..........              d - amulet of faith
HPRegen 0.21/turn               b - ring of magical power
MPRegen 0.19/turn               u - +4 ring of protection

@: under a protective aura, studying Armour
A: sickness immunity, AC +8, negative energy resistance 1, electricity
resistance, torment resistance 1, petrification resistance
a: Renounce Religion, Heroism, Finesse, Duel


You were on level 10 of the Dungeon.
You worshipped Okawaru.
Okawaru was extremely pleased with you.
You visited 2 branches of the dungeon, and saw 11 of its levels.

You collected 438 gold pieces.

Inventory:

Hand Weapons
 a - a +1 war axe of protection (weapon)
 m - a +0 mace of holy wrath
 A - a +0 war axe
Missiles
 n - 2 throwing nets (quivered)
Armour
 c - a +0 buckler (worn)
 j - a +2 helmet (worn)
 o - a +2 cloak (worn)
 q - a +0 hat
 r - the +2 pair of boots of Elyvilon's Fury (worn) {rN+}
   (You found it on level 6 of the Dungeon)

   rN:        It protects you from negative energy.
 s - a +1 scale mail of cold resistance
 w - a +0 pair of gloves (worn)
 y - a +0 plate armour (worn)
Jewellery
 b - a ring of magical power (left hand)
 d - an amulet of faith (around neck)
 f - a +6 ring of intelligence
 h - a ring of ice
 t - a ring of fire
 u - a +4 ring of protection (right hand)
Wands
 l - a wand of flame (75)
 p - a wand of iceblast (20)
 v - a wand of paralysis (10)
Scrolls
 e - 2 scrolls of identify
 i - 2 scrolls of teleportation
 x - a scroll of holy word {unknown}
Potions
 g - 5 potions of ambrosia
 k - 3 potions of curing
 z - a potion of haste
 B - a potion of brilliance


   Skills:
 + Level 7.2 Fighting
 + Level 10.4 Axes
 + Level 10.5 Armour
 - Level 0.5 Stealth
 + Level 5.7 Shields
 * Level 5.4 Invocations
 * Level 6.2 Evocations


You had 10 spell levels left.
You didn't know any spells.
Your spell library contained the following spells:

 Spells                   Type           Power      Damage    Failure   Level
 Airstrike                Air            0%         N/A       100%        4
 Lightning Bolt           Conj/Air       0%         1d11      100%        5
 Summon Lightning Spire   Summ/Air       Unusable   N/A       N/A         4

Dungeon Overview and Level Annotations

Branches:
Dungeon (10/15)            Temple (1/1) D:6
   Lair: D:8-11         Orc: D:9-12

Altars:
Ashenzari
Cheibriados
Dithmenos
Elyvilon
Fedhas
Gozag
Hepliaklqana
Kikubaaqudgha
Makhleb
Nemelex Xobeh
Okawaru
Qazlal
Ru
Sif Muna
Trog
Uskayaw
Vehumet
Wu Jian
Xom
Yredelemnul
Zin
The Shining One

Shops:
D:2 ?(   D:6 !   D:9 (

Annotations:
D:10 exclusion: orange crystal statue, Snorg


Innate Abilities, Weirdness & Mutations

You are immune to sickness and miasma.
Your stone body is resilient. (AC +8)
You are immune to poison.
You resist negative energy. (rN+)
You are resistant to electric shocks. (rElec)
You are resistant to unholy torment.
You are immune to petrification.


Message History

Snorg closely misses you. Snorg bites you but does no damage.
Snorg claws you but does no damage. x2
You slash Snorg!
Your weapon exudes an aura of protection.
Snorg is lightly wounded.
Snorg bites you but does no damage. You block Snorg's attack. Snorg claws you.
You slash Snorg!
Snorg is lightly wounded.
You hit the centaur. Snorg bites you but does no damage.
Snorg claws you but does no damage. Snorg barely misses you.
The centaur unwields a +0 shortbow.
The centaur hits you but does no damage.
The centaur kicks you but does no damage.
You block Snorg's attack. Snorg claws you! Snorg claws you but does no damage.
You closely miss Snorg.
Snorg is lightly wounded.
You hit the centaur.
The centaur hits you but does no damage.
The centaur kicks you but does no damage.
You block Snorg's attack. Snorg claws you!
* * * LOW HITPOINT WARNING * * *
Snorg claws you but does no damage.
The centaur hits you but does no damage.
The centaur kicks you but does no damage.
You slash Snorg!
Snorg is moderately wounded.
You barely miss the centaur. Snorg bites you.
* * * LOW HITPOINT WARNING * * *
Snorg claws you but does no damage. Snorg closely misses you.
The centaur hits you but does no damage.
The centaur barely misses you. Snorg bites you.
* * * LOW HITPOINT WARNING * * *
Snorg claws you but does no damage. Snorg barely misses you.
You slice Snorg!!
Snorg is moderately wounded.
You barely miss the centaur.
The centaur hits you but does no damage.
You block the centaur's attack. Snorg bites you but does no damage.
Snorg claws you.
You die...

.............# #.
.....#.c.)...####### ##.
|......)...........### #..
##...#.........###...######..
8#|..#########c# ###..)......
##.. #.# ########.. }... #.##
########.. .
####..####.........
#.@T...............
#..c............... ....
#.................#
..(...#.........#######.# .
......#.........## #.# ..
......##.....#...######.# ..
.....##.###.##.....[.###
###.###..##.###..#....##..#.
......................###.#.


You could see Snorg (berserk) and a centaur (summoned).

Vanquished Creatures
  Harold (D:7)
  A cyclops (D:7)
  A troll (D:7)
  2 hornets
  A wraith (D:10)
  13 yaks
  2 wyverns
  A steam dragon (D:7)
  Menkaure (D:6)
  Edmund (D:6)
  3 acid dragons
  Duvessa (D:6)
  2 ice beasts
  2 sky beasts
  4 orc warriors
  An ogre (D:6)
  A black bear (D:6)
  3 centaurs
  A kobold brigand (D:7)
  A wyvern zombie (D:8)
  3 bullfrogs
  3 scorpions
  2 water moccasin skeletons (D:6)
  Dowan (D:6)
  7 killer bees (D:9)
  8 wights
  A howler monkey (D:8)
  2 bullfrog zombies
  2 hounds (D:4)
  5 orc priests
  A jelly (D:5)
  Crazy Yiuf (D:3)
  3 centaur skeletons (D:5)
  An iguana (D:7)
  Jessica (D:2)
  4 orc wizards
  2 howler monkey zombies (D:9)
  Robin (D:3)
  4 adders
  A shadow imp (D:5)
  2 white imps
  An adder skeleton (D:4)
  4 dart slugs
  16 orcs
  2 bats
  5 endoplasms
  2 giant cockroaches
  17 goblins
  9 hobgoblins
  3 jackals (D:2)
  4 quokkas
  9 ball pythons
  5 frilled lizards
  9 kobolds
  5 rats
189 creatures vanquished.

Vanquished Creatures (others)
  An unseen horror (D:10)
  A wight (D:10)
  2 fungi (D:3)
4 creatures vanquished.

Grand Total: 193 creatures vanquished

Notes
Turn   | Place    | Note
-------+----------+-------------------------------------------
     0 | D:1      | bande the Gargoyle Fighter began the quest for the Orb.
     0 | D:1      | Reached XP level 1. HP: 14/14 MP: 1/1
    38 | D:1      | Reached XP level 2. HP: 13/19 MP: 2/2
   536 | D:1      | Reached XP level 3. HP: 14/24 MP: 3/3
  1176 | D:2      | Found Kokhuiva's Weapon Shop.
  1251 | D:2      | Found a faded altar of an unknown god.
  1614 | D:2      | Noticed Jessica
  1618 | D:2      | Killed Jessica
  1619 | D:2      | Reached XP level 4. HP: 19/29 MP: 4/4
  1952 | D:2      | Found Ozxidgh's Magic Scroll Shoppe.
  2484 | D:3      | Noticed Robin
  2712 | D:3      | Killed Robin
  2725 | D:3      | Reached XP level 5. HP: 26/33 MP: 5/5
  3428 | D:3      | Found a runed translucent door.
  3429 | D:3      | Noticed Crazy Yiuf
  3436 | D:3      | Killed Crazy Yiuf
  3752 | D:4      | Reached XP level 6. HP: 39/39 MP: 6/6
  4003 | D:4      | Identified a scroll of acquirement
  4003 | D:4      | Acquired a manual of Armour
  4146 | D:5      | Entered Level 5 of the Dungeon
  4171 | D:5      | Identified the +1 robe "Xuniul" {Will+}
  4248 | D:5      | Reached skill level 1 in Evocations
  4305 | D:5      | Noticed a hornet
  4317 | D:5      | Killed a hornet
  4318 | D:5      | Reached skill level 5 in Axes
  4318 | D:5      | Reached skill level 5 in Armour
  4318 | D:5      | Reached XP level 7. HP: 31/44 MP: 7/7
  4977 | D:5      | Reached XP level 8. HP: 48/48 MP: 8/8
  5195 | D:6      | Reached skill level 5 in Fighting
  5327 | D:6      | Noticed Menkaure
  5333 | D:6      | Killed Menkaure
  5431 | D:6      | Found a staircase to the Ecumenical Temple.
  5443 | Temple   | Entered the Ecumenical Temple
  5500 | Temple   | Became a worshipper of Warmaster Okawaru
  5661 | D:6      | Noticed Edmund
  5678 | D:6      | Killed Edmund
  5798 | D:6      | Found Ciorima's Distillery.
  5830 | D:6      | Identified the +2 pair of boots of Elyvilon's Fury {rN+}
  6347 | D:6      | Noticed Dowan
  6348 | D:6      | Noticed Duvessa
  6363 | D:6      | Killed Duvessa
  6363 | D:6      | Killed Dowan
  6364 | D:6      | Reached XP level 9. HP: 33/54 MP: 9/9
  6923 | D:7      | Noticed a hornet
  6944 | D:7      | Killed a hornet
  6944 | D:7      | Reached * piety under Okawaru
  6945 | D:7      | Reached skill level 1 in Invocations
  7184 | D:7      | Noticed Harold
  7209 | D:7      | Killed Harold
  7257 | D:7      | Noticed a cyclops
  7270 | D:7      | Killed a cyclops
  7270 | D:7      | Reached ** piety under Okawaru
  7611 | D:7      | Reached XP level 10. HP: 57/60 MP: 12/12
  7698 | D:7      | Reached skill level 5 in Evocations
  8014 | D:7      | Reached *** piety under Okawaru
  8015 | D:7      | Reached skill level 5 in Shields
  9429 | D:8      | Reached **** piety under Okawaru
  9823 | D:8      | Found an opulent altar of Gozag.
  9878 | D:8      | Reached skill level 10 in Armour
 10193 | D:9      | Reached skill level 10 in Axes
 10296 | D:9      | Reached XP level 11. HP: 66/66 MP: 14/14
 10478 | D:9      | Reached skill level 5 in Invocations
 10555 | D:9      | Reached ***** piety under Okawaru
 11098 | D:9      | Found Ladil's Weapon Shop.
 11261 | D:10     | Entered Level 10 of the Dungeon
 11971 | D:10     | Identified the +6 long sword of Fedhas's Approval {freeze,
                  | rElec}
 11981 | D:10     | Noticed an orange crystal statue
 12099 | D:10     | Noticed Snorg
 12110 | D:10     | Slain by Snorg

Illustrated notes

Levels and vault maps discovered:
D:1:      giann_bridges, layout_basic, moated_statue, minivault_5,
          corner_web_ring
D:2:      layout_basic, serial_shops, nicolae_shop_bloodbath_and_beyond,
          nicolae_shop_advertising_works [nicolae_subvault_shop_adworks],
          basic_ecumenical_altar, uniq_jessica
D:3:      layout_loops_ring, skrybe_limestone_x, kennysheep_path_1,
          kennysheep_cross_room, uniq_crazy_yiuf_cottage, uniq_robin
D:4:      layout_rooms
D:5:      layout_basic
D:6:      layout_layer_cave, minmay_temple_entry_hall, serial_shops,
          nicolae_stop_n_shop_1, uniq_duvessa, uniq_menkaure, uniq_edmund
D:7:      layout_basic, kb_rosetta, uniq_harold
D:8:      layout_rooms, grunt_gozag_statues
D:9:      layout_irregular_city, serial_shops, nicolae_shop_trees
D:10:     layout_rooms, erik_lair_dragon, minmay_protected_statue, uniq_snorg
Temple:   kilobyte_greek_temple

Skill      XL: |  1  2  3  4  5  6  7  8  9 10 11 |
---------------+----------------------------------+-----
Axes           | 2 3 5 7 8 10 | 10.4
Armour         | 4 5 6 7 8 10 | 10.5
Fighting       | 4 5 6 7 |  7.2
Shields        | 4 5 |  5.7
Evocations     | 1 2 3 4 5 6 |  6.2
Invocations    | 3 4 5 |  5.4
Stealth        | |  0.5

Action                   |  1- 3 |  4- 6 |  7- 9 | 10-12 || total
-------------------------+-------+-------+-------+-------++-------
Melee: War axe           |    80 |   188 |   202 |   430 ||   900
  Use: Scroll            |       |     6 |     6 |     6 ||    18
       Potion            |       |       |     1 |     1 ||     2
Armor: Scale mail        |     6 |       |       |       ||     6
       Chain mail        |    54 |   117 |   154 |   238 ||   563
       Plate armour      |       |       |       |   280 ||   280
Dodge: Dodged            |    25 |    76 |    73 |   139 ||   313
Block: Buckler           |    13 |    46 |    41 |   116 ||   216

Table legend: (Time is in decaauts)
 A = Elapsed time spent in this place.
 B = Non-inter-level travel time spent in this place.
 C = Inter-level travel time spent in this place.
 D = Time resting spent in this place.
 E = Time spent auto-exploring this place.
 F = Levels seen in this place.
 G = Mean time per level.
                   A        B        C        D        E       F      G
               +--------+--------+--------+--------+--------+-----+--------+
         Total |  12250 |  12197 |     53 |   3327 |   6361 |  11 | 1113.6 |
       Dungeon |  12144 |  12091 |     53 |   3327 |   6321 |  10 | 1214.4 |
        Temple |    105 |    105 |      0 |      0 |     40 |   1 |  105.0 |
               +--------+--------+--------+--------+--------+-----+--------+

Top non-repeatable levels by time:
     D:7: 2427 daAuts
     D:9: 1682 daAuts
     D:3: 1558 daAuts
     D:6: 1477 daAuts
     D:1: 1204 daAuts
     D:2: 1062 daAuts
     D:5: 979 daAuts
     D:8: 930 daAuts
     D:4: 410 daAuts
    D:10: 410 daAuts
  Temple: 105 daAuts
